 Dungeon Crawl Stone Soup version 0.16.1-30-g34a7ffa (webtiles) character file.

31368 dinhan the Fighter (level 13, 0/122 HPs)
             Began as a Hill Orc Fighter on June 25, 2015.
             Was the Champion of Beogh.
             Slain by a naga warrior
             ... wielding a +0 spear
              (5 damage)
             ... on level 2 of the Snake Pit on June 27, 2015.
             The game lasted 02:17:20 (13628 turns).

dinhan the Fighter (Hill Orc Fighter)              Turns: 13628, Time: 02:17:20

Health: 0/122      AC: 24    Str: 22    XL:     13   Next: 57%
Magic:  13/13      EV:  7    Int: 13    God:    Beogh [******]
Gold:   388        SH: 13    Dex: 12    Spells: 0 memorised, 12 levels left

rFire  + . .     SeeInvis +     s - +10 flail "Visuall" {crush, rF+ Str-2 SInv}
rCold  + + .     Clarity  .     K - +3 chain mail {rC+}
rNeg   + . .     SustAb   +     b - +0 shield {reflect}
rPois  .         Gourm    .     r - +0 helmet
rElec  .         Spirit   .     N - +0 cloak
rCorr  .         Warding  .     g - +0 pair of gloves
rMut   .         Stasis   .     P - +0 pair of boots
MR     +....                    Q - amulet of regeneration
Stlth  ..........               i - ring of protection from cold
                                o - ring "Ghaptuwo" {SustAb rN+ MR+ Int+5 Dex+2 Stlth-}

@: lethally poisoned (0 -> -7), somewhat resistant to hostile enchantments,
extremely unstealthy
A: walk on water, mutation resistance 1
a: Smiting, Recall Orcish Followers, Give Item to Named Follower, Renounce
Religion


You were on level 2 of the Snake Pit.
You worshipped Beogh.
Beogh was exalted by your worship.
You were not hungry.

You visited 3 branches of the dungeon, and saw 17 of its levels.

You collected 388 gold pieces.

Inventory:

Hand weapons
 a - the cursed +2 war axe of Psorroops {vamp, rF+, unknown}
   (You found it on level 1 of the Snake Pit)

   It inflicts no extra harm, but heals its wielder somewhat when it strikes a
   living foe.
   It protects you from fire.
   It has a curse placed upon it.
 s - the +10 flail "Visuall" (weapon) {crush, rF+ Str-2 SInv}
   (You found it on level 10 of the Dungeon)

   It inflicts extra damage upon your enemies.
   It affects your strength (-2).
   It protects you from fire.
   It enhances your eyesight.
 B - a +0 blowgun
 G - a +1 broad axe of freezing
Missiles
 v - 2 throwing nets
 C - 6 javelins (quivered)
 E - 16 tomahawks
Armour
 b - a +0 shield of reflection (worn)
 g - a +0 pair of gloves (worn)
 r - a +0 helmet (worn)
 K - a +3 chain mail of cold resistance (worn)
 N - a +0 cloak (worn)
 P - a +0 pair of boots (worn)
Jewellery
 i - a ring of protection from cold (right hand)
 o - the ring "Ghaptuwo" (left hand) {SustAb rN+ MR+ Int+5 Dex+2 Stlth-}
   (You found it on level 8 of the Dungeon)

   [ring of sustain abilities]

   It sustains your strength, intelligence and dexterity.
   It affects your intelligence (+5).
   It affects your dexterity (+2).
   It protects you from negative energy.
   It affects your resistance to hostile enchantments.
   It makes you less stealthy.
 Q - an amulet of regeneration (around neck)
 W - an uncursed ring of stealth {unknown}
Magical devices
 d - a wand of confusion (5)
 m - a wand of enslavement (11)
 y - a wand of frost (17)
 H - a wand of confusion (20)
 I - a wand of polymorph (8)
 J - a wand of polymorph (10)
Scrolls
 h - 3 scrolls of teleportation
 w - a scroll of magic mapping
 x - 2 scrolls of identify
 A - 2 scrolls of remove curse
 F - a scroll of immolation {unknown}
 L - 2 scrolls of recharging {unknown}
 M - a scroll of enchant weapon {unknown}
 S - a scroll of torment {unknown}
 V - a scroll of summoning {unknown}
Potions
 e - a potion of might
 f - 3 potions of agility
 j - 2 potions of ambrosia {unknown}
 l - 2 potions of magic
 n - a potion of haste
 p - 2 potions of cure mutation
 t - a potion of invisibility {unknown}
 D - 2 potions of poison
 T - 2 potions of berserk rage
 U - a potion of brilliance
 Y - 2 potions of lignification
Books
 z - a book of Annihilations {highlevel, unknown}

   This book is beyond your current level of understanding.

   Spells                             Type                      Level
   a - Poison Arrow                   Conjuration/Poison           6
   b - Chain Lightning                Conjuration/Air              8
   c - Lehudib's Crystal Spear        Conjuration/Earth            8
   d - Glaciate                       Conjuration/Ice              9
   e - Fire Storm                     Conjuration/Fire             9
 R - a book of Cantrips

   Spells                             Type                      Level
   a - Corona                         Hexes                        1
   b - Animate Skeleton               Necromancy                   1
   c - Summon Small Mammal            Summoning                    1
   d - Apportation                    Translocation                1
Comestibles
 c - a meat ration
 u - 6 bread rations
 X - 2 beef jerkies


   Skills:
 * Level 13.4 Fighting
 - Level 9.8(12.1) Axes
 * Level 9.8(11.0) Maces & Flails
 + Level 8.2 Throwing
 * Level 12.7 Armour
 + Level 9.7 Shields


You had 12 spell levels left.
You didn't know any spells.

Dungeon Overview and Level Annotations

Branches:
Dungeon (10/15)            Temple (0/1) D:4            Lair (5/8) D:10
  Snake (2/5) Lair:5          Orc (0/4) D:9
  Swamp: Lair:3-6    Shoals: Lair:3-6

Altars:
Ashenzari
Cheibriados
Elyvilon
Fedhas
Gozag
Kikubaaqudgha
Nemelex Xobeh
Ru
Xom
Yredelemnul

Shops:
D:4 }   D:6 *   D:9 *

Annotations:
D:8 Maurice


Innate Abilities, Weirdness & Mutations

You can walk on water.
You are somewhat resistant to further mutation.


Message History

You hit the naga.
The naga is severely wounded.
You feel sick.
* * * LOW HITPOINT WARNING * * *
You are more poisoned.
You sock the naga ritualist!
The naga ritualist is almost dead.
You feel sick.
The naga warrior hits you but does no damage.
The naga warrior hits you from afar with a halberd!
* * * LOW HITPOINT WARNING * * *
You thump the naga ritualist!
You kill the naga ritualist!
Beogh accepts your kill. Beogh blesses you with reinforcements.
* * * LOW HITPOINT WARNING * * *
You feel sick.
The naga hits your orc priest with a short sword.
The naga grabs your orc priest. The naga constricts your orc priest.
The naga warrior hits you from afar with a spear.
You die...

###############.#################
...............().....†..........
..............(...(.())(.........
.........)............†.(.(....##
......................>.......###
..............................##.
..............................##.
..................o...........##.
.............###@###############'
...##...##..####o####### #. ...
#...##..##.NNN....... #o
#...##..##.......... #.
#...##..##...(...... #.
#...##..##.......... #. #...# .
#......... #. ##### ######### ##


You could see 2 naga warriors, a naga, a friendly orc priest and a friendly orc
wizard.

Vanquished Creatures
  Donald (Snake:2)
  A naga warrior (Snake:1)
  A hydra (Lair:4)
  An anaconda (Snake:1)
  2 shock serpents
  A death yak (Lair:5)
  A salamander mystic (Snake:1)
  2 naga ritualists
  Pikel (D:7)
  8 black mambas
  A torpor snail (Lair:5)
  2 spiny frogs (Lair:3)
  2 komodo dragons
  Prince Ribbit (D:7)
  2 blink frogs
  3 yaks
  A spriggan (D:7)
  A hungry ghost (D:7)
  2 hippogriffs
  9 nagas
  Menkaure (D:7)
  A soldier ant (D:5)
  5 wolves
  11 water moccasins
  2 orc warriors
  A porcupine (Lair:3)
  An ice beast (D:8)
  3 ogres
  3 centaurs
  A big kobold (D:7)
  5 crocodiles
  6 giant frogs
  A wyvern skeleton (D:6)
  6 scorpions
  3 killer bees
  4 wights (D:9)
  5 hounds
  3 goliath beetles
  A centaur zombie (D:9)
  3 crimson imps
  A giant frog skeleton (D:4)
  A jelly (D:6)
  2 iguanas
  A gnoll shaman (D:4)
  5 orc wizards
  2 centaur skeletons
  9 worker ants
  Ijyb (D:2)
  Jessica (D:2)
  5 sheep (Lair:3)
  A hound zombie (D:9)
  A worker ant zombie (D:6)
  Robin (D:3)
  14 river rats
  18 gnolls
  3 giant mites (D:5)
  11 adders
  An adder zombie (D:7)
  An adder skeleton (D:5)
  5 giant geckos
  2 oozes
  10 orcs
  10 bats
  A bat skeleton (D:4)
  7 giant cockroaches
  18 goblins
  15 hobgoblins
  22 kobolds
  3 quokkas
  A ball python (D:1)
  A giant cockroach zombie (D:6)
  A giant newt (D:2)
  18 rats
  A fungus (Lair:2)
  A plant (Lair:4)
304 creatures vanquished.

Vanquished Creatures (collateral kills)
  The ghost of Hildebrand the Executioner, a powerful MiBe of Trog (Lair:5)
  2 hydras (Lair:4)
  Erica (D:10)
  An anaconda (Snake:2)
  A naga ritualist (Snake:2)
  2 naga sharpshooters (Snake:2)
  The ghost of Inchmeat the Destroyer, an experienced DECj of Ashenzari (D:10)
  An unseen horror (D:10)
  An ugly thing (D:10)
  A mana viper (Snake:1)
  A centaur zombie (D:10)
  2 salamanders (Snake:1)
  5 black mambas
  6 naga magi (Snake:1)
  6 spiny frogs
  A komodo dragon (Lair:4)
  2 fire drakes
  A two-headed ogre (D:10)
  7 blink frogs
  4 basilisks
  4 yaks
  8 wolves
  4 hippogriffs
  2 centaurs
  A hungry ghost (D:8)
  6 water moccasins
  7 nagas
  2 porcupines
  An orc warrior (D:10)
  2 ice beasts
  A phantom (D:7)
  4 crocodiles
  An ogre (D:7)
  2 giant frogs
  A wyvern skeleton (D:8)
  A killer bee (D:10)
  A wight (D:9)
  3 hounds
  A crimson imp (D:9)
  3 iguanas
  2 jellies
  2 orc priests
  3 worker ants
  3 sheep (Lair:3)
  22 river rats
  2 adders
  5 orcs
  2 bats
  A giant cockroach (D:8)
  A kobold (D:10)
  A quokka skeleton (D:9)
  2 fungi (Lair:4)
  2 plants
150 creatures vanquished.

Vanquished Creatures (others)
  2 orc knights (Snake:2)
  An orc sorcerer (Snake:2)
  An orc wizard (Snake:2)
  2 orc warriors
  A slave (D:7)
  3 orc priests
  A worker ant (D:7)
  11 orcs
  A goblin (D:3)
  A kobold (D:3)
  A rat (D:3)
25 creatures vanquished.

Grand Total: 479 creatures vanquished

Notes
Turn   | Place    | Note
--------------------------------------------------------------
     0 | D:1      | dinhan, the Hill Orc Fighter, began the quest for the Orb.
     0 | D:1      | Reached XP level 1. HP: 19/19 MP: 1/1
   177 | D:1      | Reached XP level 2. HP: 25/27 MP: 2/2
   561 | D:1      | Reached XP level 3. HP: 33/33 MP: 3/3
   693 | D:2      | Noticed Ijyb
   702 | D:2      | Killed Ijyb
   702 | D:2      | Reached skill level 4 in Fighting
   940 | D:2      | Reached XP level 4. HP: 33/40 MP: 4/4
   943 | D:2      | Reached skill level 1 in Throwing
  1033 | D:2      | Noticed Jessica
  1048 | D:2      | Killed Jessica
  1148 | D:2      | Reached XP level 5. HP: 29/46 MP: 5/5
  1154 | D:2      | Reached skill level 1 in Maces & Flails
  1724 | D:3      | Found a sparkling altar of Nemelex Xobeh.
  1744 | D:3      | Became a worshipper of Beogh the Brigand
  1869 | D:3      | Noticed Robin
  1911 | D:3      | Killed Robin
  2056 | D:3      | Found a basalt altar of Yredelemnul.
  2329 | D:3      | Found an ancient bone altar of Kikubaaqudgha.
  2422 | D:4      | Found a staircase to the Ecumenical Temple.
  2453 | D:4      | Found Tesis' Gadget Shoppe.
  2459 | D:4      | Noticed an ogre
  2485 | D:4      | Killed an ogre
  2485 | D:4      | Reached XP level 6. HP: 9/55 MP: 6/6
  2708 | D:4      | Acquired Beogh's first power
  2733 | D:4      | Noticed an ogre
  2814 | D:4      | Reached skill level 5 in Fighting
  2814 | D:4      | Reached skill level 5 in Axes
  2843 | D:4      | Noticed a centaur
  2855 | D:4      | Killed a centaur
  2868 | D:4      | Found a blossoming altar of Fedhas.
  2891 | D:4      | Reached skill level 5 in Armour
  2891 | D:4      | Reached XP level 7. HP: 15/61 MP: 7/7
  3404 | D:4      | Killed an ogre
  3600 | D:5      | Entered Level 5 of the Dungeon
  3705 | D:5      | Reached skill level 6 in Fighting
  3705 | D:5      | Acquired Beogh's second power
  3709 | D:5      | Reached XP level 8. HP: 22/70 MP: 8/8
  3927 | D:5      | Found a runed door.
  3942 | D:5      | Found a runed door.
  4465 | D:5      | Reached skill level 7 in Fighting
  4465 | D:5      | Reached skill level 5 in Shields
  4910 | D:6      | Reached XP level 9. HP: 69/79 MP: 9/9
  4924 | D:6      | Acquired Beogh's third power
  5175 | D:6      | Found a shimmering altar of Xom.
  5200 | D:6      | Found Baketres' Assorted Antiques.
  5484 | D:7      | Noticed Menkaure
  5492 | D:7      | Killed Menkaure
  5512 | D:7      | Reached skill level 8 in Fighting
  5561 | D:7      | Found a white marble altar of Elyvilon.
  5600 | D:7      | Noticed Prince Ribbit
  5615 | D:7      | Killed Prince Ribbit
  5615 | D:7      | Gained Borgk as an ally
  5840 | D:7      | Noticed Pikel
  5854 | D:7      | Killed Pikel
  5854 | D:7      | Reached XP level 10. HP: 88/90 MP: 10/10
  6133 | D:7      | Found an opulent altar of Gozag.
  6326 | D:8      | Reached skill level 9 in Fighting
  6413 | D:8      | Acquired Beogh's fourth power
  6428 | D:8      | Gained mutation: You are somewhat resistant to further mutation. [potion of beneficial mutation]
  6496 | D:8      | Reached skill level 5 in Throwing
  6635 | D:8      | Got a smoking bronze ring
  6638 | D:8      | Noticed Maurice
  6639 | D:8      | Identified the ring "Ghaptuwo" {SustAb rN+ MR+ Int+5 Dex+2 Stlth-} (You found it on level 8 of the Dungeon)
  6927 | D:9      | Found Anaoxkuy's Assorted Antiques.
  6989 | D:9      | Gained Nordag as an ally
  7374 | D:9      | Found a shattered altar of Ashenzari.
  7377 | D:9      | Found a snail-covered altar of Cheibriados.
  7378 | D:9      | Found a sacrificial altar of Ru.
  7502 | D:9      | Found a staircase to the Orcish Mines.
  7577 | D:10     | Entered Level 10 of the Dungeon
  7717 | D:10     | Acquired Beogh's fifth power
  7767 | D:10     | Found a staircase to the Lair.
  7774 | D:10     | Noticed Inchmeat's ghost (experienced DECj)
  7786 | D:10     | Killed Inchmeat's ghost
  7852 | D:10     | Got a shimmering flail
  7853 | D:10     | Identified the +10 flail "Visuall" {crush, rF+ Str-2 SInv} (You found it on level 10 of the Dungeon)
  8046 | D:10     | Noticed Erica
  8050 | D:10     | Killed Erica
  8050 | D:10     | Reached skill level 10 in Fighting
  8131 | D:10     | Noticed a white ugly thing
  8139 | D:10     | Killed a white ugly thing
  8264 | D:10     | Reached XP level 11. HP: 100/100 MP: 11/11
  8540 | D:10     | Gained Orik as an ally
  8544 | D:10     | Reached skill level 5 in Maces & Flails
  8732 | D:10     | Noticed an unseen horror
  8745 | D:10     | Killed an unseen horror
  8920 | Lair:1   | Entered Level 1 of the Lair of Beasts
  9189 | Lair:1   | Reached skill level 10 in Armour
  9810 | Lair:2   | Gained Bogwald as an ally
 10327 | Lair:3   | Your ally Orik died
 10338 | Lair:3   | Gained Bogwald as an ally
 10605 | Lair:3   | Gained Bolgrim as an ally
 10605 | Lair:3   | Reached skill level 11 in Fighting
 10646 | Lair:3   | Gained Zorug as an ally
 10964 | Lair:3   | Your ally Bogwald died
 11079 | Lair:4   | Reached XP level 12. HP: 110/110 MP: 12/12
 11260 | Lair:4   | Noticed an eight-headed hydra
 11264 | Lair:4   | Killed an eight-headed hydra
 11310 | Lair:4   | Noticed an eight-headed hydra
 11316 | Lair:4   | Killed an eight-headed hydra
 11514 | Lair:4   | Noticed an eight-headed hydra
 11521 | Lair:4   | Killed an eight-headed hydra
 11621 | Lair:5   | Noticed a death yak
 11627 | Lair:5   | Killed a death yak
 11631 | Lair:5   | Gained Arkwar as an ally
 11731 | Lair:5   | Reached skill level 12 in Fighting
 11739 | Lair:5   | Found a staircase to the Snake Pit.
 11871 | Lair:5   | Noticed Hildebrand's ghost (powerful MiBe)
 11887 | Lair:5   | Killed Hildebrand's ghost
 12131 | Snake:1  | Entered Level 1 of the Snake Pit
 12131 | Snake:1  | Noticed a shock serpent
 12138 | Snake:1  | Killed a shock serpent
 12218 | Snake:1  | Got a scorched war axe
 12403 | Snake:1  | Reached XP level 13. HP: 111/119 MP: 13/13
 12699 | Snake:1  | Noticed an anaconda
 12704 | Snake:1  | Killed an anaconda
 12704 | Snake:1  | Reached skill level 13 in Fighting
 12718 | Snake:1  | Noticed a naga warrior
 12729 | Snake:1  | Killed a naga warrior
 13234 | Snake:2  | Noticed Donald
 13243 | Snake:2  | Killed Donald
 13503 | Snake:2  | Your ally Borgk died
 13517 | Snake:2  | Your ally Zorug died
 13617 | Snake:2  | Your ally Bolgrim died
 13623 | Snake:2  | Your ally Bogwald died
 13624 | Snake:2  | Your ally Arkwar died
 13627 | Snake:2  | HP: 5/122 [naga warrior/halberd (14)]
 13628 | Snake:2  | Slain by a naga warrior

Action                   |  1- 3 |  4- 6 |  7- 9 | 10-12 | 13-15 || total
-------------------------+-------+-------+-------+-------+-------++-------
Melee: War axe           |    96 |   244 |   409 |   197 |       ||   946
       Flail             |       |       |       |   325 |   109 ||   434
 Fire: Blowgun           |       |     2 |     5 |       |       ||     7
Throw: Javelin           |       |       |     8 |    14 |     2 ||    24
Invok: Convert to Beogh  |       |     1 |       |       |       ||     1
  Use: Scroll            |     3 |     4 |     7 |    15 |     1 ||    30
       Potion            |       |     1 |     1 |     9 |     8 ||    19
 Stab: Paralysed         |       |       |       |     6 |       ||     6
       Distracted        |       |       |       |     5 |     2 ||     7
  Eat: Chunk             |       |     1 |     3 |       |       ||     4
       Pizza             |       |     1 |     1 |     1 |       ||     3
       Meat ration       |       |     1 |       |     2 |     1 ||     4
       Bread ration      |       |       |     1 |     1 |       ||     2
       Fruit             |       |       |     2 |     8 |       ||    10
       Beef jerky        |       |       |       |     2 |       ||     2
